 Dungeon Crawl Stone Soup version 0.29.1-2-gbd0b4ee654 (console) character file.

Game seed: 7464168525538360026

28 Goreval the Insei (level 3, 26/26 HPs)
             Began as a Merfolk Transmuter on Nov 14, 2022.
             Was a Follower of Trog.
             Got out of the dungeon alive.
             The game lasted 00:04:42 (1493 turns).

Goreval the Insei (Merfolk Transmuter)              Turns: 1493, Time: 00:04:43

Health: 26/26      AC:  5    Str: 10    XL:     3   Next: 12%
Magic:  6/6        EV: 13    Int: 14    God:    Trog [*.....]
Gold:   58         SH:  0    Dex: 14    Spells: 0/6 levels left

rFire   . . .      SeeInvis .     - Unarmed
rCold   . . .      Faith    .   (no shield)
rNeg    . . .      Spirit   .   a - +0 robe
rPois   .          Reflect  .   (no helmet)
rElec   .          Harm     .   e - +2 cloak
rCorr   .          Rampage  .   (no gloves)
Will    .....                   (no boots)
Stlth   +.........              (no amulet)
HPRegen 0.08/turn               (no ring)
MPRegen 0.10/turn               (no ring)

@: no status effects
A: (nimble swimmer 2), mertail
a: Renounce Religion, Berserk


You escaped.
You worshipped Trog.
Trog was aware of your devotion.
You visited 1 branch of the dungeon, and saw 2 of its levels.

You collected 58 gold pieces.

Inventory:

Missiles
 c - 12 stones (quivered)
Armour
 a - a +0 robe (worn)
 e - a +2 cloak (worn)
Scrolls
 f - a scroll of blinking {unknown}
 g - a scroll of poison {unknown}
 i - a scroll of summoning {unknown}
 j - a scroll of brand weapon {unknown}
Potions
 b - 2 potions of lignification
 d - a potion of attraction {unknown}
 h - a potion of curing {unknown}
 k - a potion of mutation {unknown}


   Skills:
 + Level 1.4 Fighting
 + Level 3.0 Dodging
 * Level 3.6 Unarmed Combat
 - Level 2.2 Spellcasting
 - Level 3.5 Transmutations


You couldn't memorise any spells.
You knew the following spells:

 Your Spells              Type           Power      Damage    Failure   Level
a - Beastly Appendage     Tmut           22%        N/A       5%          1
b - Wereblood             Tmut           11%        N/A       9%          2
c - Spider Form           Tmut/Pois      6%         N/A       32%         3

Your spell library contained the following spells:

 Spells                   Type           Power      Damage    Failure   Level
 Magic Dart               Conj           4%         1d3       24%         1
 Searing Ray              Conj           2%         2d4       34%         2
 Ice Form                 Ice/Tmut       6%         N/A       75%         4
 Fulminant Prism          Conj/Hex       0%         3d6       93%         4
 Leda's Liquefaction      Hex/Erth       0%         N/A       93%         4
 Lee's Rapid Deconstruct  Erth           0%         3d5*      100%        5
 Statue Form              Tmut/Erth      4%         N/A       100%        6


Dungeon Overview and Level Annotations

Branches:
Dungeon (2/15)

Altars:
Trog


Innate Abilities, Weirdness & Mutations

((You are very nimble when in or above water. (Stealth+, EV+, Speed+++)))
Your lower body shifts to a powerful aquatic tail in water.


Message History

No target in view!
No target in view!
No target in view!
No target in view!
No target in view!
No target in view!
No target in view!
Things that are here:
a jackal corpse; a jackal corpse You open the door.
Your horns disappear.
There is an open door here.
There is an open door here.
Things that are here:
a jackal corpse; a jackal corpse
There is an open door here.
Found a faded altar of an unknown god.
You see here a +0 chain mail.
You open the door.
There is an open door here.
k - a bubbling pink potion
There is a faded altar of an unknown god here.
You cannot tell which god this altar belongs to.
Convert to them anyway?
Trog accepts your prayer! Trog welcomes you!
You can now go berserk at will.
Okay, then.
Okay, then.
There is a stone staircase leading up here.
There is an open door here.
Things that are here:
a +0 whip; a kobold skeleton
There is an open door here.
There is a stone staircase leading up here.
You can't go down here!
You climb upwards.
There is a stone staircase leading down here.
There is a staircase leading out of the dungeon here.
Are you sure you want to leave the Dungeon?
This will make you lose the game!
You have escaped!

#.#....# #.#.########..#.######.####.#..#...#
#.#.# #.#....# #.#.#.........#...# #.#
#.#......# #.#.#
#.#....###.#.#.######..)##.####.####.#.##...#
#.#.# #.#........#.#.#
###..............#.##...# #.#.#
#.#........#.#.# ####.###....##.#.##...#
#.#.# #.##'##....#.#>#
#...^#####.##.#.##...#####.#.#
#.##.##....#.#.# #....# #).#.#............#.#
#..........#.#.# #....# ##...#######.....##.#
#.รท#.##.####.#.# ###'## ###># #.###.##.#
#..#.##.# #.#.# #.# ### #.# #.##.# #..#.##.#
#.#.#############################.# #....#
###..#.##.#
#.#...............................# ######
#....#(##.#
#.#########.#######################
#....#.##.####.##.....#..###...###
#....#.#.......#...#....##.......##
#....#.##########..######.........# #....#.#
#...#...##...)8....# ######.#
#####....#...........# #.# #.#
#########.......##
#.#######.####...######...###
#.#.......##.......## ###.####
#.#.#####.#.........# ###...###
#.#.#...#.#....@....####.......##
#.#)#.#.#.#..........##.........#
#.#.#.#.#.##.......##......8....#
#.#.#......###...######.........# ###
#.#.###.#..#############.......## #.#
#.#....................###...### #.#
#.######...###########.# ##### #.#
#.######...# #.##################### #.#
#..........# #.....................# #.#
########.#.######## #####################.#
#.# #.#........# #.# #.# #.########.# #.# #.#
#.# #.# #.# #.# #.# #.# #.# #.# #.########.#
#.#####.# #..........# #.......# ##########.#
#.####### ### ###


There were no monsters in sight!

Vanquished Creatures
  2 bats (D:1)
  3 endoplasms (D:1)
  A giant cockroach (D:1)
  2 goblins (D:1)
  4 hobgoblins (D:1)
  3 jackals (D:2)
  2 kobolds
  A quokka (D:1)
  2 ball pythons (D:1)
  2 frilled lizards (D:1)
  A rat (D:2)
23 creatures vanquished.

Notes
Turn   | Place    | Note
-------+----------+-------------------------------------------
     0 | D:1      | Goreval the Merfolk Transmuter began the quest for the Orb.
     0 | D:1      | Reached XP level 1. HP: 15/15 MP: 3/3
   206 | D:1      | Reached XP level 2. HP: 21/21 MP: 3/5
  1129 | D:2      | Learned a level 2 spell: Wereblood
  1206 | D:2      | Reached XP level 3. HP: 26/26 MP: 4/6
  1210 | D:2      | Learned a level 3 spell: Spider Form
  1304 | D:2      | Found a faded altar of an unknown god.
  1329 | D:2      | Prayed at the altar of an unknown god.
  1329 | D:2      | Became a worshipper of Trog the Wrathful
  1329 | D:2      | Reached * piety under Trog
  1493 | D:$      | Got out of the dungeon alive.

Illustrated notes

Levels and vault maps discovered:
D:1:      dpeg_arrival_three_same_balls, layout_basic
D:2:      layout_basic, shapermc_ecumenical_altar_totnotflames

Skill      XL: |  1  2 |
---------------+-------+-----
Transmutations | 3 |  3.5
Dodging        | 3 |  3.0
Fighting       | |  1.4
Unarmed Combat | |  3.6
Spellcasting   | |  2.2

Action                   || total
-------------------------++-------
Melee: Unarmed           ||    57
       Headbutt          ||     9
       Punch             ||     1
Throw: Stone             ||     6
 Cast: Beastly Appendage ||    19
Armor: Robe              ||     8
Dodge: Dodged            ||    31
